 Dungeon Crawl Stone Soup version 0.21.1-1-g345015f (webtiles) character file.

137 diana the Slasher (level 5, 0/41 HPs)
             Began as a Demonspawn Abyssal Knight on May 30, 2018.
             Was a Believer of Lugonu.
             Slain by Grinder (5 damage)
             ... while paralysed by Grinder
             ... on level 3 of the Dungeon.
             The game lasted 00:06:19 (2398 turns).

diana the Slasher (Demonspawn Abyssal Knight)       Turns: 2398, Time: 00:06:20

Health: 0/41       AC:  6    Str: 13 (15) XL:     5   Next: 0%
Magic:  7/7        EV:  2    Int: 10 (13) God:    Lugonu [**....]
Gold:   87         SH:  0    Dex: 15 (17) Spells: 4/4 levels left

rFire    . . .     SeeInvis .   a - +1 falchion
rCold    . . .     Gourm    .   (no shield)
rNeg     . . .     Faith    .   b - +0 leather armour
rPois    .         Spirit   .   k - +0 hat
rElec    .         Reflect  .   (no cloak)
rCorr    .         Harm     .   (no gloves)
MR       .....                  (no boots)
Stlth    +.........             (no amulet)
HPRegen  0.13/turn              g - +2 ring of strength
MPRegen  0.10/turn              i - +4 ring of dexterity

@: paralysed
A: talons 1, yellow scales 2
a: Depart the Abyss, Bend Space, Renounce Religion


You were on level 3 of the Dungeon.
You worshipped Lugonu.
Lugonu was pleased with you.
You were hungry.

You visited 1 branch of the dungeon, and saw 3 of its levels.
You visited the Abyss 1 time.

You collected 87 gold pieces.

Inventory:

Hand Weapons
 a - a +1 falchion (weapon)
Armour
 b - a +0 leather armour (worn)
 k - a +0 hat (worn)
Jewellery
 g - a +2 ring of strength (left hand)
 i - a +4 ring of dexterity (right hand)
 m - a cursed ring of loudness {unknown}
Scrolls
 h - 3 scrolls of identify {unknown}
 j - a scroll of magic mapping {unknown}
 o - a scroll of remove curse {unknown}
Potions
 d - a potion of degeneration
 f - 2 potions of heal wounds
Books
 p - a book of Misfortune

   Spells                             Type                      Level
   a - Confusing Touch                Hexes                        1
   b - Confuse                        Hexes                        3
   c - Gell's Gravitas                Translocation                3
   d - Petrify                        Transmutation/Earth          4
   e - Metabolic Englaciation         Hexes/Ice                    5
   f - Yara's Violent Unravelling     Hexes/Transmutation          5
Comestibles
 c - 3 rations
 q - a chunk of flesh


   Skills:
 - Level 3.4 Fighting
 + Level 4.2 Long Blades
 - Level 1.9 Armour
 - Level 1.1 Dodging
 - Level 2.7 Invocations


You had 4 spell levels left.
You didn't know any spells.

Dungeon Overview and Level Annotations

Branches:
Dungeon (3/15)

Altars:
Dithmenos

Annotations:
D:3 Grinder


Innate Abilities, Weirdness & Mutations

You have sharp toenails.
You are mostly covered in yellow scales. (AC +3)


Message History

Grinder barely misses you.
You closely miss Grinder. You claw Grinder.
Grinder is heavily wounded.
Grinder hits you but does no damage.
You hit Grinder but do no damage.
Grinder is heavily wounded.
Grinder hits you.
You writhe in agony.
You closely miss Grinder. Your kick misses Grinder.
Grinder is heavily wounded.
Grinder gestures at you.
You suddenly lose the ability to move!
Grinder hits you. x2
* * * LOW HITPOINT WARNING * * *
You writhe in agony.
* * * LOW HITPOINT WARNING * * *
You are feeling hungry.
Grinder hits you.
* * * LOW HITPOINT WARNING * * *
You writhe in agony.
You die...

#.# #.# #.#..#.. #.# #..
#....### #.# #.#### #.##....
#.# #.#..+ #.###### #..
#.#..# # #.# ##. #.#'##.####
#.# # #†††....... #.# .
#.#5##.#### #.# ..
#######.#@$+ #.# ##. .#
#....##.#?.# #.# #
...#.....#5####.# #.######
.................. #.......
.##....##############.######
#.....#...............#
#.......########.####.#
...######.# #.# #.# ## #.#
#.# #.#


You could see Grinder.

Vanquished Creatures
  Robin (D:3)
  5 adders
  3 worms
  2 dart slugs
  3 leopard geckos
  5 giant cockroaches
  13 goblins
  11 hobgoblins
  5 kobolds
  4 quokkas
  2 bats
  5 frilled lizards
  3 rats
62 creatures vanquished.

Notes
Turn   | Place    | Note
-------+----------+-------------------------------------------
     0 | Abyss:1  | diana the Demonspawn Abyssal Knight began the quest for the Orb.
     0 | Abyss:1  | Reached XP level 1. HP: 18/18 MP: 2/2
     0 | Abyss:1  | Found a corrupted altar of Lugonu.
    23 | Abyss:1  | Noticed a large abomination
    24 | D:1      | Escaped the Abyss
    32 | D:1      | Reached skill level 1 in Dodging
    34 | D:1      | Reached * piety under Lugonu
    39 | D:1      | Gained mutation: You have sharp toenails. [demonic ancestry]
    39 | D:1      | Reached XP level 2. HP: 24/24 MP: 4/4
   499 | D:1      | Reached skill level 2 in Long Blades
   700 | D:2      | Found a faded altar of an unknown god.
   787 | D:2      | Reached XP level 3. HP: 29/29 MP: 5/5
   925 | D:2      | Reached ** piety under Lugonu
   925 | D:2      | Reached skill level 3 in Long Blades
  1673 | D:3      | Noticed Robin
  1680 | D:3      | Gained mutation: You are partially covered in yellow scales. (AC +2) [demonic ancestry]
  1680 | D:3      | Reached XP level 4. HP: 32/35 MP: 6/6
  1774 | D:3      | Killed Robin
  1785 | D:3      | Found a shadowy altar of Dithmenos.
  2204 | D:3      | Reached skill level 4 in Long Blades
  2342 | D:3      | Noticed Grinder
  2344 | D:3      | Paralysed by Grinder for 7 turns
  2357 | D:3      | Paralysed by Grinder for 4 turns
  2378 | D:3      | Gained mutation: You are mostly covered in yellow scales. (AC +3) [demonic ancestry]
  2378 | D:3      | Reached XP level 5. HP: 39/41 MP: 7/7
  2395 | D:3      | Paralysed by Grinder for 4 turns
  2398 | D:3      | Slain by Grinder

Skill      XL: |  1  2  3  4 |
---------------+-------------+-----
Dodging        | 1 |  1.1
Long Blades    | 2 3 4 |  4.2
Fighting       | |  3.4
Armour         | |  1.9
Invocations    | |  2.7

Action                   |  1- 3 |  4- 6 || total
-------------------------+-------+-------++-------
Melee: Falchion          |    78 |    72 ||   150
       Kick              |    17 |    22 ||    39
Invok: Depart the Abyss  |     1 |       ||     1
  Use: Potion            |       |     6 ||     6
  Eat: Ration            |     1 |       ||     1
       Chunk             |       |     1 ||     1
Armor: Leather armour    |    24 |    32 ||    56
Dodge: Dodged            |    46 |    48 ||    94
       Rpst.: Falchion   |    18 |    12 ||    30
